 Dungeon Crawl Stone Soup version 0.32-a0-450-g080537f31e (webtiles) character file.

Game seed: 12858404978041543524

456 Pooter the Chopper (level 6, -5/85 HPs)
             Began as a Minotaur Fighter on Feb 23, 2024.
             Slain by an orc wizard
             ... wielding a +1 dagger of electrocution
              (14 damage)
             ... on level 4 of the Dungeon.
             The game lasted 00:11:45 (3078 turns).

Pooter the Chopper (Minotaur Fighter)               Turns: 3078, Time: 00:11:46

Health: -5/85      AC:  8    Str: 22    XL:     6   Next: 77%
Magic:  5/5        EV:  9    Int:  5    God:
Gold:   198        SH:  4    Dex: 10    Spells: 5/5 levels left

rFire   . . .        a - +0 war axe
rCold   . . .        c - +0 buckler
rNeg    . . .        s - +0 scale mail
rPois   .            (helmet restricted)
rElec   .            i - scarf {shadows}
rCorr   .            g - +0 pair of gloves
SInv    .            (no boots)
Will    .....        (no amulet) Stlth
                     (no ring)
HPRegen 0.34/turn    (no ring)
MPRegen 0.09/turn

%: no passive effects
@: brilliant, berserking, very quick
A: horns 2, retaliatory headbutt
a: no special abilities


You were on level 4 of the Dungeon.
You visited 1 branch of the dungeon, and saw 5 of its levels.

You collected 198 gold pieces.

Inventory:

Hand Weapons
 a - a +0 war axe (weapon)
 b - a +0 sling
   (You took it off a goblin on level 3 of the Dungeon)
 w - a +1 whip of electrocution
   (You found it on level 4 of the Dungeon)
Missiles
 d - 2 curare-tipped darts
 l - 2 boomerangs (quivered)
 v - 2 throwing nets {!f}
 Q - 16 stones
Armour
 c - a +0 buckler (worn)
 g - a +0 pair of gloves (worn)
   (You found it on level 1 of the Dungeon)
 i - a scarf of shadows (worn)
   (You found it on level 1 of the Dungeon)
 s - a +0 scale mail (worn)
Jewellery
 k - an amulet of the acrobat
   (You found it on level 2 of the Dungeon)
 o - a +6 ring of intelligence
   (You found it on level 2 of the Dungeon)
Wands
 p - a wand of charming (3)
   (You took it off Ijyb on level 3 of the Dungeon)
 x - a wand of roots (10)
   (You found it on level 4 of the Dungeon)
Scrolls
 h - a scroll of revelation {unknown}
 j - a scroll of fear {unknown}
 m - a scroll of identify {unknown}
 r - a scroll of torment {unknown}
 t - a scroll of teleportation {@r4}
 u - a scroll of vulnerability {unknown}
Potions
 e - a potion of brilliance
 f - a potion of mutation {unknown}
 n - a potion of curing {unknown}


   Skills:
 + Level 5.9 Fighting
 * Level 7.0 Axes
 * Level 2.0 Ranged Weapons
 - Level 3.6 Armour
 - Level 3.6 Shields


You had 5 spell levels left.
You didn't know any spells.
Your spell library contained the following spells:

 Spells                   Type           Power      Damage    Failure   Level
 Kiss of Death            Conj/Necr      0%         2d5       86%         1
 Confusing Touch          Hex            0%         N/A       99%         3
 Dispel Undead            Necr           0%         3d6       100%        4


Dungeon Overview and Level Annotations

Branches:
Dungeon (5/15) Zot: 25560
 Temple: D:4-7

Altars:
Sif Muna
Zin

Annotations:
D:3 1 runed translucent door, Crazy Yiuf


Innate Abilities, Weirdness & Mutations

You have a pair of horns on your head.
You reflexively headbutt those who attack you in melee.


Message History

The adder barely misses you. The adder attacks as it pursues you!
The adder bites you but does no damage. Something hits you.
* * * LOW HITPOINT WARNING * * *
The orc throws a boomerang.
The boomerang barely misses you.
Unknown command.
It was a potion of brilliance.
You feel clever all of a sudden. The adder bites you but does no damage.
Something hits you.
* * * LOW HITPOINT WARNING * * *
The adder closely misses you. The adder bites you.
* * * LOW HITPOINT WARNING * * *
You closely miss the orc. You headbutt the orc. You hit the adder.
The adder barely misses you. The orc completely misses you.
Unknown command.
You completely miss the orc. Your headbutt misses the orc.
You closely miss the adder. You hit something.
You feel less confused. The adder barely misses you.
Something hits you but does no damage. The orc hits you with a +0 flail.
* * * LOW HITPOINT WARNING * * *
The adder bites you but does no damage.
You hit something but do no damage. You closely miss the orc.
You slash the adder!
You kill the adder!
The orc hits you with a +0 flail.
* * * LOW HITPOINT WARNING * * *
Something hits you but does no damage.
Your Ranged Weapons skill increases to level 2!
You hit something. You hit the orc.
You kill the orc!
You hear some strange, mumbled words.
A magic dart appears from out of thin air!
The magic dart hits you.
* * * LOW HITPOINT WARNING * * *
You closely miss something. Something hits you.
* * * LOW HITPOINT WARNING * * *
Something hits you.
* * * LOW HITPOINT WARNING * * *
You closely miss something. Something completely misses you.
It was a potion of berserk rage.
A red film seems to cover your vision as you go berserk!
You feel yourself moving faster!
You feel mighty! Something hits you.
* * * LOW HITPOINT WARNING * * *
You are electrocuted!
You die...

#........ #........
#......## #......'. ...
#.)....#...#
...####......#...#
.............#...'
......{†)....#...# #
.......@...###...#######
...........+........)...
...####....#........†...
##### ..
#....##+##.###..## ....#
. #....#..##.###..##
....# #....#..'.......##
....# #....'..#.........
....# #....#..#.........
....# #....######+##..##


There were no monsters in sight!

Vanquished Creatures
  An ogre (D:5)
  Blork the orc (D:4)
  A kobold brigand (D:3)
  2 bombardier beetles
  Ijyb (D:3)
  Robin (D:3)
  5 adders
  2 dart slugs
  A ribbon worm (D:4)
  6 orcs (D:4)
  3 ball pythons
  5 endoplasms
  A giant cockroach (D:4)
  7 hobgoblins
  8 jackals
  9 kobolds
  2 quokkas
  3 bats
  3 frilled lizards
  15 goblins
  3 rats
80 creatures vanquished.

Notes
Turn   | Place    | Note
-------+----------+-------------------------------------------
     0 | D:1      | Pooter the Minotaur Fighter began the quest for the Orb.
     0 | D:1      | Reached XP level 1. HP: 19/19 MP: 0/0
   219 | D:1      | Reached skill level 3 in Axes
   379 | D:1      | Reached XP level 2. HP: 27/27 MP: 1/1
   579 | D:1      | Found a faded altar of an unknown god.
  1253 | D:2      | Reached XP level 3. HP: 33/33 MP: 2/2
  1316 | D:3      | Noticed Ijyb
  1321 | D:3      | Killed Ijyb
  1321 | D:3      | Noticed a kobold brigand
  1322 | D:3      | Reached skill level 4 in Axes
  1327 | D:3      | Killed a kobold brigand
  1328 | D:3      | Reached skill level 5 in Axes
  1328 | D:3      | Reached XP level 4. HP: 31/41 MP: 3/3
  1469 | D:3      | Reached skill level 5 in Fighting
  1517 | D:3      | Reached XP level 5. HP: 48/48 MP: 4/4
  1599 | D:3      | You fall into a shaft and drop 2 floors!
  1599 | D:5      | Entered Level 5 of the Dungeon
  1604 | D:5      | Noticed an ogre
  1610 | D:5      | Killed an ogre
  1611 | D:5      | Reached skill level 6 in Axes
  1647 | D:5      | Noticed a black bear
  1748 | D:3      | Noticed Robin
  1768 | D:3      | Reached XP level 6. HP: 18/56 MP: 5/5
  1772 | D:3      | Killed Robin
  2320 | D:3      | Found a glowing silver altar of Zin.
  2321 | D:3      | Found a shimmering blue altar of Sif Muna.
  2435 | D:3      | Found a runed translucent door.
  2436 | D:3      | Noticed Crazy Yiuf
  2893 | D:4      | Noticed Blork the orc
  2899 | D:4      | Killed Blork the orc
  2900 | D:4      | Reached skill level 1 in Ranged Weapons
  2949 | D:4      | Reached skill level 7 in Axes
  3078 | D:4      | Slain by an orc wizard

Illustrated notes

Levels and vault maps discovered:
D:1:      dpeg_arrival_tiny_c, layout_basic,
          chequers_ecumenical_altar_simple_redux
D:2:      layout_basic
D:3:      cheibrodos_thug_alley, layout_loops_ring, grunt_temple_overflow_open,
          uniq_ijyb, uniq_robin, uniq_crazy_yiuf_cottage
D:4:      cheibrodos_quashed, layout_gridville, uniq_blork_the_orc
D:5:      layout_cave_pools, mainiacjoe_overflow_cross_hatched, serial_shops,
          shop

Skill      XL: |  1  2  3  4  5  6 |
---------------+-------------------+-----
Axes           | 3 5 6 7 |  7.0
Fighting       | 4 5 |  5.9
Ranged Weapons | 2 |  2.0
Armour         | |  3.6
Shields        | |  3.6

Action                     |  1- 3 |  4- 6 || total
---------------------------+-------+-------++-------
  Melee: War axe           |    59 |    90 ||   149
         Headbutt          |     9 |    12 ||    21
  Throw: Dart              |       |     2 ||     2
         Boomerang         |       |     4 ||     4
    Use: Potion            |     1 |     2 ||     3
         Scroll            |       |     1 ||     1
 Armour: Scale mail        |    56 |    78 ||   134
  Dodge: Dodged            |    33 |    49 ||    82
  Block: Buckler           |    17 |    21 ||    38

Table legend: (Time is in decaauts)
 A = Elapsed time spent in this place.
 B = Non-inter-level travel time spent in this place.
 C = Inter-level travel time spent in this place.
 D = Time resting spent in this place.
 E = Time spent auto-exploring this place.
 F = Levels seen in this place.
 G = Mean time per level.
                   A        B        C        D        E       F      G
               +--------+--------+--------+--------+--------+-----+--------+
         Total |   3125 |   3040 |     85 |    380 |   2124 |   5 |  625.0 |
       Dungeon |   3125 |   3040 |     85 |    380 |   2124 |   5 |  625.0 |
               +--------+--------+--------+--------+--------+-----+--------+

Top non-repeatable levels by time:
     D:3: 1271 daAuts
     D:1: 803 daAuts
     D:2: 507 daAuts
     D:4: 485 daAuts
     D:5: 59 daAuts
